 Dungeon Crawl Stone Soup version 0.24-a0-630-g0d56a85 (webtiles) character file.

Game seed: 12558510606213600044, levelgen mode: deterministic

557 Cognoscente the Magician (level 7, -3/41 HPs)
             Began as an Octopode Wizard on Sept 19, 2019.
             Was an Initiate of Kikubaaqudgha.
             Shot with an arrow by a centaur (10 damage)
             ... on level 5 of the Dungeon.
             The game lasted 00:07:12 (6731 turns).

Cognoscente the Magician (Octopode Wizard)          Turns: 6731, Time: 00:07:13

Health: -3/41      AC:  2    Str:  6    XL:     7   Next: 30%
Magic:  12/12      EV: 13    Int: 23    God:    Kikubaaqudgha [......]
Gold:   169        SH:  0    Dex: 10    Spells: 7/13 levels left

rFire    . . .     SeeInvis .   a - +0 scimitar
rCold    . . .     Gourm    .   (no shield)
rNeg     . . .     Faith    .   q - +1 hat
rPois    .         Spirit   .   e - amulet of magic regeneration
rElec    .         Reflect  .   (no ring)
rCorr    .         Harm     .   (no ring)
MR       .....                  (no ring)
Stlth    +++.......             (no ring)
HPRegen  0.13/turn              (no ring)
MPRegen  0.38/turn              (no ring)
                                (no ring)
                                (no ring)

@: no status effects
A: almost no armour, stealthy swim, amphibious, 8 rings, constrict 8, camouflage
1, gelatinous body 1
a: Renounce Religion


You were on level 5 of the Dungeon.
You worshipped Kikubaaqudgha.
Kikubaaqudgha was noncommittal.
You were hungry.

You visited 2 branches of the dungeon, and saw 7 of its levels.

You collected 169 gold pieces.

Inventory:

Hand Weapons
 a - a +0 scimitar (weapon)
   (You found it on level 3 of the Dungeon)
Armour
 q - a +1 hat (worn)
   (You found it on level 2 of the Dungeon)
Magical Staves
 w - an uncursed staff of death
   (You found it on level 4 of the Dungeon)
Jewellery
 e - an amulet of magic regeneration (around mantle)
   (You found it on level 3 of the Dungeon)
Wands
 p - a wand of polymorph (13)
   (You found it on level 3 of the Dungeon)
Scrolls
 b - 2 scrolls of teleportation {unknown}
 d - 5 scrolls of identify {unknown}
 f - 2 scrolls of fear {unknown}
 g - a scroll of amnesia {unknown}
 h - 3 scrolls of remove curse {unknown}
 k - a scroll of fog {unknown}
 m - a scroll of immolation {unknown}
 o - a scroll of magic mapping {unknown}
Potions
 c - 2 potions of agility {unknown}
 i - a potion of mutation {unknown}
 j - 2 potions of flight {unknown}
 l - 2 potions of heal wounds {unknown}
 n - a potion of haste {unknown}
 r - a potion of resistance {unknown}
 t - a potion of cancellation {unknown}
 u - a potion of curing {unknown}
Comestibles
 s - 8 rations {!d}


   Skills:
 - Level 2.0 Dodging
 - Level 2.6 Stealth
 + Level 3.8 Spellcasting
 - Level 3.2 Conjurations
 - Level 3.0 Summonings
 + Level 2.3 Necromancy
   Level 1.0 Translocations
 - Level 3.0 Air Magic
 + Level 3.8 Poison Magic


You had 7 spell levels left.
You knew the following spells:

 Your Spells              Type           Power        Failure   Level  Hunger
a - Magic Dart            Conj           ###.         2%          1    None
f - Mephitic Cloud        Conj/Pois/Air  ###.....     9%          3    ###....
x - Call Imp              Summ           ###.....     4%          2    #......

Your spell library contained the following spells:

 Spells                   Type           Power        Failure   Level  Hunger
 Blink                    Tloc           N/A          11%         2    #......
 Slow                     Hex            #.......     16%         2    #......
 Conjure Flame            Conj/Fire      ##......     16%         3    ###....


Dungeon Overview and Level Annotations

Branches:
Dungeon (6/15)             Temple (1/1) D:4

Altars:
Cheibriados
Dithmenos
Elyvilon
Fedhas
Kikubaaqudgha
Okawaru
Ru
Trog
Vehumet
Wu Jian
Xom
Yredelemnul


Innate Abilities, Weirdness & Mutations

You cannot wear most types of armour.
You are very stealthy in the water. (Stealth+)
You are amphibious.
You can wear up to eight rings at the same time.
You can use your tentacles to constrict eight enemies at once.
Your skin changes colour to match your surroundings (Stealth+).
Your rubbery body absorbs attacks. (AC +1, EV +1)


Message History

A howler monkey is nearby!
A quokka comes into view.
The howler monkey hoots and howls with incredible vigour!
You hear an angry hiss.
You hear a shout! x4
The howler monkey closely misses you.
You hit the howler monkey. Your grab misses the howler monkey.
The howler monkey misses you.
You riposte.
You closely miss the howler monkey. Your grab misses the howler monkey.
You squeeze the howler monkey, but do no damage.
You closely miss the howler monkey. You grab the howler monkey.
Your squeeze misses the howler monkey. You constrict the howler monkey.
The howler monkey hits you. The howler monkey closely misses you.
You barely miss the howler monkey. You constrict the howler monkey.
The quokka closely misses you. The howler monkey misses you.
The quokka closely misses you.
You riposte.
You slash the quokka!
You kill the quokka!
Kikubaaqudgha accepts your kill.
The howler monkey hoots and howls with incredible vigour!
You hear a shout!
You hear an angry hiss.
You hear a shout! x2
You hear an angry hiss.
You hear a shout! x2
You barely miss the howler monkey. You squeeze the howler monkey.
You constrict the howler monkey. The howler monkey hits you.
You slash the howler monkey!
You kill the howler monkey!
Kikubaaqudgha accepts your kill. The frilled lizard closely misses you.
You barely miss the frilled lizard. Your grab misses the frilled lizard.
A centaur comes into view.
The frilled lizard misses you. The frilled lizard closely misses you.
You barely miss the frilled lizard.
The centaur shouts!
You grab the frilled lizard. You constrict the frilled lizard.
You kill the frilled lizard!
Kikubaaqudgha accepts your kill.
The centaur wields a +0 shortbow.
The centaur shoots an arrow.
The arrow hits you.
A shadow imp comes into view.
A wyvern skeleton comes into view.
The centaur shoots an arrow.
The arrow hits you!
* * * LOW HITPOINT WARNING * * *
The centaur shoots an arrow.
The arrow hits you!
* * * LOW HITPOINT WARNING * * *
Things that are here:
2 arrows; a frilled lizard corpse The centaur shoots an arrow.
The arrow barely misses you.
An orc comes into view. It is wielding a +0 hand axe.
You hear an angry hiss.
There is a stone staircase leading down here.
The centaur shoots an arrow.
The arrow hits you!
You die...
Kikubaaqudgha rasps: "You have failed me!
Welcome... death!"

.... #.....
..... #.....
..... #....
....#####.Z.
#......c.#
#........+
+........#
#....(...#
#....@...#
#.....?..#
#........#+###
#..%...(.#
#........+
#.......5#
#........#
####+##.o.
+...


You could see a centaur, a shadow imp, an orc (wandering) and a wyvern skeleton.

Vanquished Creatures
  A howler monkey (D:5)
  A crimson imp (D:4)
  3 orc priests
  A hound (D:2)
  2 worker ants (D:4)
  A hound skeleton (D:5)
  An adder (D:2)
  An ooze (D:4)
  3 dart slugs
  5 leopard geckos
  7 orcs
  2 bats (D:3)
  11 giant cockroaches
  3 goblins
  9 hobgoblins
  4 kobolds
  3 quokkas
  7 frilled lizards
  5 rats
70 creatures vanquished.

Vanquished Creatures (collateral kills)
  Grinder (D:4)
  An ogre (D:4)
2 creatures vanquished.

Grand Total: 72 creatures vanquished

Notes
Turn   | Place    | Note
-------+----------+-------------------------------------------
     0 | D:1      | Cognoscente the Octopode Wizard began the quest for the
                  | Orb.
     0 | D:1      | Reached XP level 1. HP: 11/11 MP: 4/4
   629 | D:1      | Reached XP level 2. HP: 12/17 MP: 3/6
  1111 | D:1      | Learned a level 2 spell: Call Imp
  1858 | D:1      | Reached XP level 3. HP: 18/21 MP: 7/7
  2753 | D:2      | Found a shimmering altar of Xom.
  3540 | D:2      | HP: 1/21 [orc/+0 dagger (1)]
  3542 | D:2      | Reached XP level 4. HP: 2/27 MP: 0/8
  4279 | D:3      | Learned a level 3 spell: Mephitic Cloud
  4327 | D:3      | Reached skill level 1 in Poison Magic
  4365 | D:3      | Reached XP level 5. HP: 31/31 MP: 9/9
  4965 | D:3      | Reached skill level 1 in Air Magic
  5610 | D:4      | Found a staircase to the Ecumenical Temple.
  5664 | Temple   | Entered the Ecumenical Temple
  5691 | Temple   | Became a worshipper of Kikubaaqudgha
  6060 | D:4      | Reached XP level 6. HP: 31/36 MP: 10/10
  6060 | D:4      | Noticed Grinder
  6236 | D:4      | Reached skill level 1 in Necromancy
  6286 | D:4      | Paralysed by Grinder for 5 turns
  6292 | D:4      | Killed Grinder
  6357 | D:4      | Reached XP level 7. HP: 37/41 MP: 12/12
  6548 | D:4      | You fall into a shaft and drop 2 floors!
  6569 | D:5      | Entered Level 5 of the Dungeon
  6731 | D:5      | Shot with an arrow by a centaur

Levels and vault maps discovered:
D:1:      dpeg_arrival_arbitrary_b, layout_loops_ring
D:2:      layout_loops_cross, lemuel_crystal_altar
D:3:      layout_loops_ring, first_ration
D:4:      layout_basic, minmay_temple_entry_mist, minmay_quantized, uniq_grinder
D:5:      layout_gridville
D:6:      layout_layer_cave, serial_shops, nicolae_shop_behind_doors, shop,
          shop, chequers_decorated_corner, hangedman_decor_peaks_small,
          lemuel_blue_sif_altar
Temple:   hc_temple_tempest_star

Skill      XL: |  1  2  3  4  5  6  7 |
---------------+----------------------+-----
Conjurations   | 2 3 |  3.2
Summonings     | 2 3 |  3.0
Poison Magic   | 1 2 3 |  3.8
Air Magic      | 2 3 |  3.0
Necromancy     | 1 2 |  2.3
Dodging        | |  2.0
Stealth        | |  2.6
Spellcasting   | |  3.8
Translocations | |  1.0

Action                   |  1- 3 |  4- 6 |  7- 9 || total
-------------------------+-------+-------+-------++-------
Melee: Unarmed           |    49 |    15 |       ||    64
       Constrict         |    18 |    28 |     4 ||    50
       Tentacles         |    14 |     3 |     4 ||    21
       Scimitar          |       |    67 |    18 ||    85
 Cast: Magic Dart        |    46 |    25 |       ||    71
       Call Imp          |       |     2 |     3 ||     5
       Mephitic Cloud    |       |       |     1 ||     1
 Stab: Sleeping          |     8 |     9 |     1 ||    18
  Eat: Chunk             |     4 |     9 |     1 ||    14
       Ration            |     1 |       |       ||     1
Armor: Skin              |     3 |     3 |       ||     6
Dodge: Dodged            |    28 |    61 |    14 ||   103
       Rpst.: Scimitar   |       |    14 |     2 ||    16

Table legend:
 A = Non-vault XP
 B = Vault XP
 C = Vault XP percentage of total XP
 D = Non-vault monster count
 E = Vault monster count
 F = Vault count percentage of total count
                 A         B        C        D         E       F
            +---------+---------+-------+---------+---------+-------
      Total |     580 |     216 |  27.1 |      68 |       4 |   5.6
            +---------+---------+-------+---------+---------+-------
        D:1 |      35 |       0 |   0.0 |      19 |       0 |   0.0
        D:2 |      66 |       0 |   0.0 |       9 |       0 |   0.0
        D:3 |      83 |       0 |   0.0 |      20 |       0 |   0.0
        D:4 |     321 |     216 |  40.2 |      15 |       4 |  21.1
        D:5 |      72 |       0 |   0.0 |       4 |       0 |   0.0
        D:6 |       3 |       0 |   0.0 |       1 |       0 |   0.0
            +---------+---------+-------+---------+---------+-------
